 Dungeon Crawl Stone Soup version 0.20.1-1-g8b1a95d (webtiles) character file.

5339 schauveau the Archer (level 10, -4/84 HPs)
             Began as a Centaur Hunter on Dec 3, 2017.
             Was an Elder of Okawaru.
             Killed from afar by a gargoyle (17 damage)
             ... with a stone arrow
             ... on level 10 of the Dungeon.
             The game lasted 00:20:13 (8619 turns).

schauveau the Archer (Centaur Hunter)               Turns: 8619, Time: 00:20:14

Health: -4/84      AC: 14    Str: 16    XL:     10   Next: 38%
Magic:  13/13      EV:  5    Int: 10    God:    Okawaru [****..]
Gold:   341        SH:  5    Dex: 12    Spells: 9/9 levels left

rFire    . . .     SeeInvis .   a - +2 shortbow
rCold    . . .     Gourm    .   (shield currently unavailable)
rNeg     + . .     Faith    .   n - +0 chain mail
rPois    .         Spirit   .   s - +2 helmet
rElec    .         Reflect  +   (no cloak)
rCorr    .         Harm     .   x - +2 pair of gloves
MR       .....                  (no barding)
Stlth    ..........             M - +5 amulet of reflection
Regen    0.3/turn               B - ring of positive energy
MPRegen  0.2/turn               J - ring of flight

@: very quick
A: hooves 3, deformed body, speed 2, tough skin 3
a: Heroism, Renounce Religion, Evoke Flight


You were on level 10 of the Dungeon.
You worshipped Okawaru.
Okawaru was greatly pleased with you.
You were not hungry.

You visited 2 branches of the dungeon, and saw 11 of its levels.
You also visited: Ossuary.

You collected 341 gold pieces.

Inventory:

Hand Weapons
 a - a +2 shortbow (weapon)
 b - a +1 long sword of electrocution
 z - a cursed -2 hand axe
 C - the +5 trident of Fundamental Breach {drain, SInv}
   (You found it on level 4 of the Dungeon)

   A truly terrible weapon, it drains the life of those it strikes.
   It lets you see invisible.
 L - a +0 blowgun
 O - a +0 long sword
Missiles
 o - 30 poisoned needles
 w - 15 tomahawks
 N - 87 arrows (quivered)
Armour
 c - a +0 plate armour
 n - a +0 chain mail (worn)
 s - a +2 helmet (worn)
 x - a +2 pair of gloves (worn)
Jewellery
 i - an uncursed ring of fire
 B - a ring of positive energy (left hand)
 J - a ring of flight (right hand)
 M - a +5 amulet of reflection (around neck)
Wands
 d - a wand of polymorph (2/24)
 h - a wand of disintegration (10/24)
 I - a wand of disintegration (23/24)
 P - a wand of random effects (39/48)
Scrolls
 g - a scroll of fear
 j - 2 scrolls of identify
 v - 4 scrolls of teleportation
 y - a scroll of holy word {unknown}
 D - 2 scrolls of blinking
 E - a scroll of amnesia
 K - 2 scrolls of remove curse
Potions
 e - 4 potions of heal wounds
 k - 8 potions of curing
 m - 2 potions of brilliance
 q - 3 potions of flight
 r - 2 potions of ambrosia
 t - 2 potions of mutation
 u - a potion of lignification
 A - 2 potions of berserk rage
 G - 2 potions of cancellation {unknown}
 H - a potion of might {unknown}
Comestibles
 f - 7 bread rations
 l - 7 royal jellies
 p - 4 meat rations


   Skills:
 + Level 6.7 Fighting
 * Level 7.4 Long Blades
 * Level 12.8 Bows
 + Level 3.3 Armour
 - Level 1.3 Dodging
 - Level 0.4 Stealth
 + Level 5.1 Invocations


You had 9 spell levels left.
You didn't know any spells.

Dungeon Overview and Level Annotations

Branches:
Dungeon (10/15)            Temple (1/1) D:5            Lair (0/6) D:8
    Orc: D:9-12

Altars:
Ashenzari
Cheibriados
Dithmenos
Elyvilon
Fedhas
Gozag
Hepliaklqana
Kikubaaqudgha
Makhleb
Nemelex Xobeh
Okawaru
Qazlal
Uskayaw
Vehumet
Xom
Yredelemnul
The Shining One
Lugonu

Shops:
D:5 (


Innate Abilities, Weirdness & Mutations

You have hooves in place of feet.
Armour fits poorly on your strangely shaped body.
You cover ground very quickly.
You have extremely tough skin. (AC +3)


Message History

You are too injured to fight recklessly!
You are too injured to fight recklessly!
You are too injured to fight recklessly!
Firing (i - inventory. (,) - cycle):
N - 89 arrows (quivered)
Press: ? - help, Shift-Dir - straight line, f/p - gargoyle
Aim: a gargoyle, wielding an enchanted flail (severely damaged)
You shoot an arrow.
The arrow hits the gargoyle but does no damage.
The gargoyle is severely damaged.
Firing (i - inventory. (,) - cycle):
N - 88 arrows (quivered)
Press: ? - help, Shift-Dir - straight line, f/p - gargoyle
Aim: a gargoyle, wielding an enchanted flail (severely damaged)
You shoot an arrow. The arrow hits the gargoyle.
The gargoyle is almost destroyed.
The gargoyle hurls a stone arrow at you.
The stone arrow hits you!
* * * LOW HITPOINT WARNING * * *
The gargoyle hurls a stone arrow at you.
The stone arrow hits you!
You die...

##...#.# # ..$....# ..
###########.#..... ..
#........#..#...# #.
#..........##...####
#..####...........)>.....#
#....#..................#
####........##..........##(
#<..........@...9((((((((.(.
#.####..##.###...........#..#
#..##..###.# #..........## .#
##....## ..# #..........# .
##... #.## #..........#
#.#.... #..........# # ..
#..........# . ############


You could see a gargoyle.

Vanquished Creatures
  2 two-headed ogres (D:8)
  Pikel (D:8)
  A troll (D:9)
  A human (D:9)
  A wraith (Ossuary)
  2 yaks (D:9)
  4 hogs (D:9)
  A hungry ghost (D:9)
  The ghost of slayr the Chiller, an amateur OpIE of Ru (D:3)
  2 ice beasts
  A phantom (D:6)
  3 slaves (D:8)
  A black bear (D:9)
  A necrophage (D:7)
  3 ogres
  3 centaurs
  A big kobold (D:9)
  A bullfrog (D:9)
  A wyvern zombie (D:9)
  A scorpion (D:9)
  A vampire bat (D:8)
  3 crimson imps
  A quasit (D:5)
  A bullfrog zombie (D:7)
  3 hounds
  An orc priest (D:8)
  Natasha (twice) (D:3)
  Jessica (D:2)
  An iguana (D:5)
  2 orc wizards
  2 worker ants
  A hound zombie (D:9)
  A mummy (Ossuary)
  A howler monkey zombie (D:10)
  Robin (D:3)
  A worker ant zombie (D:10)
  4 gnolls (D:6)
  4 adders
  4 shadow imps
  2 oozes
  3 adder zombies
  An adder skeleton (D:6)
  2 worms
  A dart slug (D:1)
  7 leopard geckos
  18 orcs
  3 bat skeletons (D:8)
  2 bat zombies (D:8)
  A giant cockroach (D:1)
  9 goblins
  15 hobgoblins
  5 jackals
  7 quokkas
  A ball python (D:6)
  9 bats
  5 frilled lizards
  4 gnoll skeletons (Ossuary)
  A jackal skeleton (D:6)
  9 kobolds
  9 kobold skeletons (Ossuary)
  12 orc skeletons (Ossuary)
  10 rats
203 creatures vanquished.

Vanquished Creatures (others)
  A quokka (D:8)
1 creature vanquished.

Grand Total: 204 creatures vanquished

Notes
Turn   | Place    | Note
-------+----------+-------------------------------------------
     0 | D:1      | schauveau the Centaur Hunter began the quest for the Orb.
     0 | D:1      | Reached XP level 1. HP: 17/17 MP: 1/1
    81 | D:1      | Reached XP level 2. HP: 20/24 MP: 2/2
   168 | D:1      | Reached skill level 6 in Bows
   749 | D:1      | Reached XP level 3. HP: 21/29 MP: 3/3
   815 | D:1      | You fall through a shaft!
  1210 | D:2      | Reached skill level 7 in Bows
  1366 | D:3      | Noticed Robin
  1437 | D:3      | Killed Robin
  1437 | D:3      | Reached skill level 1 in Long Blades
  1437 | D:3      | Reached XP level 4. HP: 33/36 MP: 4/4
  1576 | D:2      | Noticed Jessica
  1582 | D:2      | Killed Jessica
  1671 | D:3      | Noticed slayr's ghost (amateur OpIE)
  1682 | D:3      | Killed slayr's ghost
  1682 | D:3      | Reached XP level 5. HP: 31/44 MP: 5/5
  1727 | D:3      | Noticed Natasha
  1735 | D:3      | Killed Natasha
  1735 | D:3      | Reached skill level 8 in Bows
  1882 | D:3      | Found a shattered altar of Ashenzari.
  1899 | D:3      | Reached XP level 6. HP: 29/51 MP: 6/6
  2080 | D:3      | Found a stormy altar of Qazlal.
  2083 | D:3      | Found a glowing golden altar of the Shining One.
  2084 | D:3      | Found a hazy altar of Hepliaklqana.
  2084 | D:3      | Found an opulent altar of Gozag.
  2086 | D:3      | Found a shimmering altar of Xom.
  2087 | D:3      | Found a hide-covered altar of Uskayaw.
  2088 | D:3      | Found a blossoming altar of Fedhas.
  2109 | D:3      | Noticed Natasha
  2116 | D:3      | Killed Natasha
  2390 | D:4      | Found a shattered altar of Ashenzari.
  2481 | D:5      | Entered Level 5 of the Dungeon
  2630 | D:5      | Reached XP level 7. HP: 52/57 MP: 7/7
  2658 | D:5      | Found Qygrone's Antique Weapon Shoppe.
  2738 | D:5      | Reached skill level 9 in Bows
  2841 | D:5      | Found a snail-covered altar of Cheibriados.
  3518 | D:5      | Found a staircase to the Ecumenical Temple.
  3528 | Temple   | Entered the Ecumenical Temple
  3549 | Temple   | Became a worshipper of Warmaster Okawaru
  3921 | D:4      | Found a shadowy altar of Dithmenos.
  4092 | D:4      | Got a warped trident
  4095 | D:4      | Identified the +5 trident of Fundamental Breach {drain, SInv} (You found it on level 4 of the Dungeon)
  4537 | D:6      | Found a sparkling altar of Nemelex Xobeh.
  4697 | D:6      | Found a sand-covered staircase.
  4703 | Ossuary  | Entered an ossuary
  4703 | Ossuary  | Noticed a wraith
  4703 | Ossuary  | Noticed a wraith
  4703 | Ossuary  | Noticed a wraith
  4801 | Ossuary  | Noticed a wraith
  4826 | Ossuary  | Killed a wraith
  4826 | Ossuary  | Reached skill level 1 in Invocations
  4826 | Ossuary  | Reached XP level 8. HP: 32/66 MP: 8/8
  5181 | D:6      | Reached skill level 10 in Bows
  5206 | D:6      | Reached skill level 1 in Armour
  5415 | D:6      | Reached * piety under Okawaru
  5976 | D:7      | Found a shimmering altar of Xom.
  6019 | D:7      | Found a radiant altar of Vehumet.
  6287 | D:8      | Noticed a two-headed ogre
  6335 | D:8      | Killed a two-headed ogre
  6335 | D:8      | Reached ** piety under Okawaru
  6335 | D:8      | Reached skill level 5 in Fighting
  6335 | D:8      | Reached skill level 5 in Long Blades
  6335 | D:8      | Reached skill level 11 in Bows
  6335 | D:8      | Reached XP level 9. HP: 7/74 MP: 9/11
  6666 | D:8      | Found a staircase to the Lair.
  6734 | D:8      | Noticed Pikel
  6827 | D:8      | Killed Pikel
  6959 | D:8      | Noticed a two-headed ogre
  6976 | D:8      | Killed a two-headed ogre
  6976 | D:8      | Reached *** piety under Okawaru
  7067 | D:8      | Found an ancient bone altar of Kikubaaqudgha.
  7400 | D:9      | Reached skill level 12 in Bows
  7452 | D:9      | Noticed a troll
  7508 | D:9      | Killed a troll
  7738 | D:9      | Reached **** piety under Okawaru
  7738 | D:9      | Reached XP level 10. HP: 77/83 MP: 13/13
  8297 | D:9      | Received a gift from Okawaru
  8327 | D:9      | Reached skill level 5 in Invocations
  8477 | D:10     | Entered Level 10 of the Dungeon
  8594 | D:10     | Noticed a gargoyle
  8619 | D:10     | Killed from afar by a gargoyle

Skill      XL: |  1  2  3  4  5  6  7  8  9 10 |
---------------+-------------------------------+-----
Bows           | 6 7 8 9 11 12 | 12.8
Long Blades    | 1 2 3 4 5 6 7 |  7.4
Fighting       | 3 4 5 6 |  6.7
Invocations    | 1 3 4 5 |  5.1
Armour         | 2 3 |  3.3
Dodging        | |  1.3
Stealth        | |  0.4

Action                   |  1- 3 |  4- 6 |  7- 9 | 10-12 || total
-------------------------+-------+-------+-------+-------++-------
Melee: Short sword       |    51 |       |       |       ||    51
       Kick              |    20 |    21 |    37 |     5 ||    83
       Long sword        |    56 |    91 |   146 |    19 ||   312
       Trident           |       |       |     7 |       ||     7
 Fire: Shortbow          |    14 |    14 |   290 |   116 ||   434
Throw: Tomahawk          |       |       |    17 |       ||    17
Evoke: Wand              |       |       |     1 |       ||     1
  Use: Scroll            |     1 |     7 |    15 |       ||    23
  Eat: Chunk             |     1 |     3 |     4 |       ||     8
       Bread ration      |       |       |     1 |       ||     1
       Meat ration       |       |       |     1 |       ||     1
       Fruit             |       |       |       |     5 ||     5
Armor: Leather armour    |    24 |       |       |       ||    24
       Chain mail        |    42 |    93 |   188 |    32 ||   355
Dodge: Dodged            |    54 |    38 |    59 |    14 ||   165
Block: Other             |       |       |    27 |    19 ||    46
       Reflection        |       |       |     2 |     1 ||     3
       Rpst.: Long sword |    10 |    11 |     9 |       ||    30
